 Dungeon Crawl Stone Soup version 0.22-a0-877-g5c4e1afb51 (webtiles) character file.

75983 MirrMurr the Warrior (level 15, -19/174 HPs)
             Began as an Ogre Berserker on July 29, 2018.
             Was a High Priest of Trog.
             Demolished by Donald
             ... wielding a +2 war axe of flaming
              (35 damage)
             ... on level 1 of the Orcish Mines.
             The game lasted 01:00:38 (28590 turns).

MirrMurr the Warrior (Ogre Berserker)              Turns: 28590, Time: 01:00:38

Health: -19/174    AC: 11    Str: 25    XL:     15   Next: 52%
Magic:  15/15      EV:  8    Int:  8    God:    Trog [*****.]
Gold:   952        SH: 19    Dex: 13    Spells: 14/14 levels left

rFire    + + .     SeeInvis +   a - +3 demon trident (elec)
rCold    . . .     Gourm    .   A - +0 large shield
rNeg     . . .     Faith    .   E - +0 fire dragon scales
rPois    .         Spirit   .   u - +0 hat
rElec    .         Reflect  .   o - +1 cloak
rCorr    .         Harm     .   (gloves unavailable)
MR       +....                  (boots unavailable)
Stlth    ..........             (no amulet)
HPRegen  0.39/turn              G - ring of see invisible
MPRegen  0.14/turn              N - ring of protection from cold

@: berserk cooldown, very slightly contaminated, hasted and slowed
A: large, unfitting armour, tough skin 1
a: Berserk, Trog's Hand, Brothers in Arms, Renounce Religion


You were on level 1 of the Orcish Mines.
You worshipped Trog.
Trog was extremely pleased with you.
You were not hungry.

You visited 4 branches of the dungeon, and saw 24 of its levels.

You collected 1561 gold pieces.
You spent 609 gold pieces at shops.

Inventory:

Hand Weapons
 a - a +3 demon trident of electrocution (weapon)
 b - a +0 blowgun
Missiles
 g - 732 stones
 h - 4 throwing nets {!f}
 C - 25 large rocks (quivered)
 J - 81 poisoned needles
 O - 14 curare-tipped needles
 P - 4 poisoned javelins
Armour
 o - a +1 cloak (worn)
 u - a +0 hat (worn)
 A - a +0 large shield (worn)
 E - +0 fire dragon scales (worn)
Jewellery
 x - an uncursed ring of resist corrosion
 G - a ring of see invisible (left hand)
 K - an uncursed ring of protection from fire
 M - an uncursed ring of flight
 N - a ring of protection from cold (right hand)
Wands
 e - a wand of scattershot (7)
 t - a wand of digging (26)
 B - a wand of acid (15)
 Q - a wand of iceblast (5)
Scrolls
 i - 5 scrolls of identify
 l - a scroll of blinking
 m - 4 scrolls of fog
 n - 7 scrolls of teleportation
 r - 7 scrolls of remove curse
 y - 7 scrolls of immolation
 L - 4 scrolls of magic mapping
 V - a scroll of summoning
Potions
 d - a potion of mutation
 f - 3 potions of agility
 j - a potion of haste
 k - 2 potions of resistance
 q - a potion of invisibility
 s - a potion of ambrosia
 w - 6 potions of curing
 z - 2 potions of cancellation
 F - 6 potions of lignification
 H - 2 potions of flight
 R - 3 potions of might
Miscellaneous
 W - a sack of spiders
Comestibles
 c - 24 rations


   Skills:
 * Level 17.1 Fighting
 - Level 14.0 Polearms
 + Level 13.0 Throwing
 + Level 2.3 Armour
 - Level 4.1 Dodging
 + Level 11.8 Shields


You had 14 spell levels left.
You didn't know any spells.
Your spell library was empty.

Dungeon Overview and Level Annotations

Branches:
Dungeon (15/15)            Temple (1/1) D:6            Lair (6/6) D:9
 Shoals (0/4) Lair:4        Snake (0/4) Lair:4        Slime (0/5) Lair:5
    Orc (2/2) D:11            Elf (0/3) Orc:2        Vaults (0/5) D:14
 Depths (0/5) D:15

Altars:
Ashenzari
Elyvilon
Gozag
Hepliaklqana
Okawaru
Qazlal
Sif Muna
Uskayaw
Vehumet
Wu Jian
Yredelemnul
Zin
The Shining One

Shops:
D:4 [   D:9 *   D:12 *   D:14 *

Annotations:
Lair:6 1 runed door, Fandomethor's ghost, journeyman GrFi
Orc:1 Donald


Innate Abilities, Weirdness & Mutations

You are too large for most types of armour.
You have tough skin. (AC +1)


Message History

* * * LOW HITPOINT WARNING * * *
An orc wizard comes into view. It is wielding a dagger.
You block the orc's attack.
An orc sorcerer comes into view. It is wielding a dagger.
An orc priest comes into view. It is wielding a war axe.
There is a stone staircase leading up here.
The orc priest shouts!
Donald no longer looks unusually strong.
The orc wizard gestures wildly while chanting.
The orc wizard seems to speed up.
You block Donald's attack. You block the orc warrior's attack.
You climb upwards.
There is a stone staircase leading down here.
Okay, then.
You feel yourself speed up.
Donald casts a spell.
Donald seems to grow stronger.
Donald says, "Orcs complain a lot, don't they?
I hate it."
Donald hits you with a war axe of flaming!!
You die...

### ####.## ####
####.#...# ##..#
###.#......## #<.##
#....#......#
###...###....##....##
#.....@@..#........##
##...#.....#.....#...#
#..........#.....#...#
###.....#...........##
##...####.#.#....##
#...# ########.# ##.##
### ###


You could see Donald.

Vanquished Creatures
  Rupert (Lair:4)
  Snorg (Lair:3)
  A fire dragon (D:15)
  Harold (D:8)
  3 rakshasas
  2 vault guards (D:14)
  5 hydras
  4 centaur warriors
  A merfolk avatar (Lair:6)
  3 death yaks
  3 two-headed ogres
  Sonja (D:14)
  5 unseen horrors
  2 sea snakes (Lair:6)
  A glowing orange brain (D:15)
  Pikel (D:5)
  A lindwurm (shapeshifter) (D:15)
  3 necromancers
  An orc knight (Orc:2)
  2 cyclopes (D:15)
  A deep elf mage (D:15)
  7 ugly things
  4 elephants (Lair:6)
  4 manticores
  A salamander (shapeshifter) (D:14)
  An ice statue (D:12)
  Maurice (D:8)
  Psyche (D:8)
  3 black mambas
  5 gargoyles
  16 spiny frogs
  4 centaur skeletons
  2 kobold demonologists (D:11)
  6 rime drakes
  3 efreet
  A rime drake (shapeshifter) (D:14)
  6 komodo dragons
  4 yaktaurs
  The ghost of Ablot the Charmwright, an amateur GnSk of Cheibriados (D:4)
  A merfolk (D:11)
  4 polar bears
  2 trolls (D:15)
  A wind drake (Lair:6)
  A hornet (shapeshifter) (D:15)
  2 hornets (Lair:5)
  10 slime creatures
  12 hippogriffs
  4 dream sheep (Lair:5)
  2 centaur simulacra
  2 wraiths
  Sigmund (D:3)
  2 vampires
  6 wyverns
  15 yaks
  A basilisk (shapeshifter) (D:15)
  17 humans (D:14)
  4 fire bats (D:14)
  4 hungry ghosts
  A steam dragon (D:8)
  Grum (D:8)
  A warg (Orc:1)
  12 vampire mosquitoes
  An insubstantial wisp (Lair:3)
  A soldier ant (shapeshifter) (D:15)
  12 water moccasins
  A hell hound (D:14)
  7 porcupines
  3 ice beasts
  15 orc warriors
  A slave (D:6)
  A black bear (D:4)
  3 sky beasts
  2 necrophages
  4 phantoms
  4 ogres
  2 wolves (D:8)
  19 centaurs
  9 crocodiles
  2 big kobolds
  Blork the orc (D:6)
  17 bullfrogs
  A wyvern zombie (D:14)
  8 scorpions
  3 killer bees (D:13)
  9 wights
  7 howler monkeys
  2 lava snakes (D:14)
  7 crimson imps
  A bullfrog zombie (D:12)
  A quasit (D:8)
  3 jellies
  16 orc priests
  5 hounds
  19 orc wizards
  3 bullfrog skeletons
  5 iguanas
  8 worker ants
  4 yak simulacra (Lair:3)
  A wolf simulacrum (Lair:3)
  A hound zombie (D:8)
  A worker ant zombie (D:6)
  7 gnolls
  14 adders
  5 shadow imps
  5 worms
  4 dart slugs
  5 leopard geckos
  74 orcs
  7 giant cockroaches
  10 goblins
  8 hobgoblins
  13 jackals
  5 quokkas
  A ball python (D:5)
  4 bats
  2 frilled lizards
  24 kobolds
  A leopard gecko skeleton (D:5)
  A quokka zombie (D:9)
  6 rats
  6 river rat simulacra (Lair:3)
  2 fire vortices (D:14)
  A fungus (D:12)
  A plant (Lair:4)
635 creatures vanquished.

Vanquished Creatures (collateral kills)
  An iguana (D:12)
1 creature vanquished.

Vanquished Creatures (others)
  A necromancer (D:14)
  A hippogriff (D:13)
  An acid dragon (D:15)
  An orc wizard (D:12)
  An orc (D:8)
  A fire vortex (D:14)
  4 fungi
  5 plants
15 creatures vanquished.

Grand Total: 651 creatures vanquished

Notes
Turn   | Place    | Note
-------+----------+-------------------------------------------
     0 | D:1      | MirrMurr the Ogre Berserker began the quest for the Orb.
     0 | D:1      | Reached XP level 1. HP: 24/24 MP: 1/1
   187 | D:1      | Reached XP level 2. HP: 25/32 MP: 2/2
   741 | D:1      | Reached XP level 3. HP: 40/40 MP: 3/3
   819 | D:1      | You fall through a shaft!
   921 | D:2      | Reached ** piety under Trog
  1659 | D:2      | Reached XP level 4. HP: 49/49 MP: 4/4
  1728 | D:2      | Found a hide-covered altar of Uskayaw.
  2278 | D:3      | Found a stormy altar of Qazlal.
  2441 | D:3      | Noticed a bullfrog
  2453 | D:3      | Killed a bullfrog
  2453 | D:3      | Reached skill level 5 in Fighting
  2453 | D:3      | Reached skill level 1 in Throwing
  2453 | D:3      | Reached XP level 5. HP: 24/57 MP: 5/5
  2684 | D:3      | Found a deep blue altar of Sif Muna.
  2795 | D:3      | Noticed Sigmund
  2800 | D:3      | Killed Sigmund
  2800 | D:3      | Reached skill level 5 in Polearms
  2800 | D:3      | Reached XP level 6. HP: 66/66 MP: 6/6
  3480 | D:4      | Reached *** piety under Trog
  3481 | D:4      | Reached XP level 7. HP: 74/74 MP: 7/7
  3859 | D:4      | Reached skill level 6 in Fighting
  4023 | D:4      | Found Wosmej's Armour Boutique.
  4027 | D:4      | Bought a +0 large shield for 63 gold pieces
  4253 | D:4      | Found a hazy altar of Hepliaklqana.
  4349 | D:4      | Reached skill level 1 in Shields
  4375 | D:4      | Reached XP level 8. HP: 34/84 MP: 8/8
  4595 | D:4      | Found a runed gate.
  4595 | D:4      | Found a runed gate.
  4595 | D:4      | Found a runed gate.
  4608 | D:4      | Noticed Ablot's ghost (amateur GnSk)
  4833 | D:4      | Killed Ablot's ghost
  4833 | D:4      | Reached skill level 7 in Fighting
  4946 | D:5      | Entered Level 5 of the Dungeon
  5007 | D:5      | Found an ornate altar of the Wu Jian Council.
  5010 | D:5      | Found an opulent altar of Gozag.
  5456 | D:5      | Reached **** piety under Trog
  5595 | D:5      | Reached XP level 9. HP: 94/94 MP: 9/9
  6084 | D:6      | Noticed Pikel
  6124 | D:5      | Killed Pikel
  6124 | D:5      | Reached skill level 8 in Fighting
  6481 | D:6      | Found a staircase to the Ecumenical Temple.
  6487 | Temple   | Entered the Ecumenical Temple
  6509 | D:6      | Reached skill level 5 in Throwing
  6555 | D:6      | Noticed Blork the orc
  6571 | D:6      | Killed Blork the orc
  6662 | D:6      | Found a basalt altar of Yredelemnul.
  6664 | D:6      | Noticed a profane servitor
  6673 | D:6      | Found a glowing golden altar of the Shining One.
  6765 | D:4      | Found an iron altar of Okawaru.
  6924 | D:6      | Found a white marble altar of Elyvilon.
  7016 | D:6      | Noticed an angel
  7284 | D:7      | Reached skill level 9 in Fighting
  7398 | D:7      | Reached XP level 10. HP: 70/107 MP: 10/10
  7710 | D:7      | Reached ***** piety under Trog
  8070 | D:8      | Noticed Grum
  8082 | D:8      | Killed Grum
  8318 | D:8      | Noticed Harold
  8343 | D:8      | Killed Harold
  8343 | D:8      | Reached skill level 10 in Polearms
  8343 | D:8      | Reached skill level 5 in Shields
  8403 | D:8      | Received a gift from Trog
  8480 | D:8      | Noticed Maurice
  8494 | D:8      | Killed Maurice
  8630 | D:8      | Reached skill level 10 in Fighting
  8773 | D:8      | Noticed a two-headed ogre
  8787 | D:8      | Killed a two-headed ogre
  8985 | D:8      | Noticed Psyche
  8995 | D:8      | Killed Psyche
  8995 | D:8      | Reached XP level 11. HP: 119/119 MP: 11/11
  9910 | D:9      | Found a staircase to the Lair.
 10457 | D:9      | Found Piereo's General Store.
 10520 | D:10     | Entered Level 10 of the Dungeon
 10601 | D:10     | Received a gift from Trog
 10727 | D:10     | Noticed an unseen horror
 10744 | D:10     | Killed an unseen horror
 11411 | D:10     | Noticed a two-headed ogre
 11435 | D:10     | Killed a two-headed ogre
 11435 | D:10     | Reached skill level 11 in Fighting
 12426 | Lair:1   | Entered Level 1 of the Lair of Beasts
 12554 | Lair:1   | Identified a scroll of acquirement
 12706 | Lair:1   | Noticed an eight-headed hydra
 12712 | Lair:1   | Killed an eight-headed hydra
 13133 | Lair:1   | Reached XP level 12. HP: 130/130 MP: 12/12
 13969 | Lair:2   | Noticed a five-headed hydra
 13981 | Lair:2   | Killed a five-headed hydra
 13981 | Lair:2   | Reached skill level 12 in Fighting
 16188 | Lair:4   | Noticed Snorg
 16370 | Lair:3   | Killed Snorg
 16418 | Lair:4   | Found a staircase to the Shoals.
 16660 | Lair:4   | Noticed Rupert
 16672 | Lair:4   | Killed Rupert
 16672 | Lair:4   | Reached XP level 13. HP: 141/141 MP: 13/13
 16793 | Lair:4   | Found a staircase to the Snake Pit.
 17233 | Lair:4   | Reached skill level 13 in Fighting
 17337 | Lair:5   | Found a staircase to the Slime Pits.
 17995 | Lair:6   | Entered Level 6 of the Lair of Beasts
 18024 | Lair:5   | Reached skill level 10 in Throwing
 18489 | Lair:5   | Received a gift from Trog
 19088 | Lair:6   | Paralysed by a hornet for 1 turns
 19269 | Lair:6   | Found a runed door.
 19269 | Lair:6   | Noticed Fandomethor's ghost (journeyman GrFi)
 19398 | Lair:6   | Reached skill level 14 in Fighting
 20383 | Lair:6   | Received a gift from Trog
 20392 | Lair:6   | Reached XP level 14. HP: 157/157 MP: 14/14
 21098 | D:11     | Received a gift from Trog
 21166 | D:11     | Found a staircase to the Orcish Mines.
 21229 | D:11     | Reached skill level 10 in Shields
 21781 | D:12     | Found a shattered altar of Ashenzari.
 21811 | D:12     | Found a flagged portal.
 21867 | D:12     | Found a radiant altar of Vehumet.
 21966 | D:12     | Found an ornate altar of the Wu Jian Council.
 22333 | D:11     | Reached skill level 15 in Fighting
 22389 | D:12     | Found Tuokud's General Store.
 22397 | D:12     | Reached ****** piety under Trog
 22397 | D:12     | Received a gift from Trog
 22409 | D:12     | Bought a scroll of identify for 26 gold pieces
 24169 | D:14     | Noticed Sonja
 24261 | D:14     | Found Meug's Assorted Antiques.
 24282 | D:14     | Bought a scroll of brand weapon for 520 gold pieces
 24433 | D:14     | Killed Sonja
 25141 | D:14     | Received a gift from Trog
 25225 | D:14     | Found a gate to the Vaults.
 25254 | D:14     | Reached skill level 16 in Fighting
 26163 | D:14     | Reached XP level 15. HP: 162/170 MP: 15/15
 26344 | D:15     | Entered Level 15 of the Dungeon
 26776 | D:15     | Reached skill level 1 in Armour
 27018 | D:15     | Received a gift from Trog
 27507 | D:15     | Paralysed by a hornet for 1 turns
 27511 | D:15     | Paralysed by a hornet for 3 turns
 27896 | D:15     | Reached skill level 17 in Fighting
 28066 | D:15     | Found a staircase to the Depths.
 28430 | Orc:1    | Entered Level 1 of the Orcish Mines
 28482 | Orc:2    | Entered Level 2 of the Orcish Mines
 28482 | Orc:2    | Found a staircase to the Elven Halls.
 28547 | Orc:2    | Noticed Donald
 28575 | Orc:2    | HP: 4/261 [Donald/war axe of flaming (29)]
 28575 | Orc:2    | HP: 1/261 [Donald/war axe of flaming (3)]
 28590 | Orc:1    | Demolished by Donald

Vault maps used:
D:1:      shiori_arrival_oz
D:2:      nicolae_overflow_crystal_walls
D:3:      nicolae_qazlal_general_emergency, nicolae_overflow_hidden_temple,
          uniq_sigmund
D:4:      lemuel_upstairs_altar, kennysheep_mini_moat, serial_shops, shop,
          ebering_ghost_rock_garden, minmay_large_rounded_square
D:5:      grunt_temple_overflow_open, first_ration
D:6:      grunt_temple_overflow_holy_war, elyvilon_altar_5,
          minmay_temple_entry_fiery, uniq_blork_the_orc, uniq_pikel
D:8:      uniq_grum, uniq_harold, uniq_psyche, uniq_maurice
D:9:      dpeg_oklobed_lair, serial_shops, kennysheep_mini
D:10:     kennysheep_ambush_hall
D:11:     orc_0_dummy, nicolae_benzene_ring, hangedman_fish_farm
D:12:     serial_shops, nicolae_shop_trees, enter_bailey_2, basic_altar,
          minivault_16, minmay_gold_behind_fungi, dk_noncrumbling_3,
          hangedman_feature_mirror, eino_small_chamber_without_monster
D:14:     grunt_vaults_entry_tiered, serial_shops, shop, hangedman_incinerator,
          uniq_sonja
D:15:     gammafunk_enter_depths_forms, minmay_fountain_box
Temple:   cyrus_circular_temple
Lair:1:   infiniplex_staircase_pool_2
Lair:3:   eino_house_with_fridge
Lair:4:   minmay_shoals_entry_centaurs, dummy_snake_entry, pond,
          grunt_megastairs_4, infiniplex_staircase_pool, uniq_rupert, uniq_snorg
Lair:5:   slime_dummy
Lair:6:   gammafunk_lair_ancient_temple, ebering_ghost_reflecting_pool,
          serial_bayou_pond_d, minivault_25, grunt_megastairs_3
Orc:2:    pf_orc_diabolical, uniq_donald

Skill      XL: |  1  2  3  4  5  6  7  8  9 10 11 12 13 14 15 |
---------------+----------------------------------------------+-----
Dodging        | 3 4 |  4.1
Polearms       | 4 5 6 7 9 10 12 13 14 | 14.0
Fighting       | 5 6 7 9 10 11 12 14 16 17 | 17.1
Throwing       | 1 2 3 4 5 7 8 9 11 12 13 | 13.0
Shields        | 1 3 4 5 7 8 9 11 | 11.8
Armour         | 2 |  2.3

Action                   |  1- 3 |  4- 6 |  7- 9 | 10-12 | 13-15 || total
-------------------------+-------+-------+-------+-------+-------++-------
Melee: Spear             |   148 |    35 |       |       |       ||   183
       Trident           |       |    75 |   332 |   440 |       ||   847
       Demon trident     |       |       |       |   266 |  1422 ||  1688
 Fire: Hunting sling     |       |    42 |    94 |    44 |       ||   180
       Fustibalus        |       |       |       |    16 |       ||    16
Throw: Large rock        |       |       |       |     7 |     5 ||    12
Invok: Berserk           |     1 |     3 |     4 |     7 |    11 ||    26
       Trog's Hand       |       |       |     2 |     8 |     8 ||    18
Evoke: Wand              |       |       |       |       |     2 ||     2
  Use: Scroll            |     6 |     8 |     4 |    10 |    11 ||    39
       Potion            |       |       |       |     2 |     5 ||     7
 Stab: Sleeping          |     1 |       |       |     1 |     2 ||     4
       Distracted        |       |       |       |     1 |       ||     1
  Eat: Chunk             |     3 |     9 |    10 |    35 |    29 ||    86
       Ration            |       |       |     2 |     3 |     8 ||    13
Armor: Animal skin       |    25 |    16 |       |       |       ||    41
       Robe              |       |     6 |    53 |    71 |    99 ||   229
       Troll leather arm |       |       |       |       |    19 ||    19
       Fire dragon scale |       |       |       |       |    11 ||    11
Dodge: Dodged            |    49 |    37 |    67 |   105 |   189 ||   447
Block: Large shield      |       |       |   167 |   404 |   829 ||  1400

Table legend:
 A = Spawn XP
 B = Non-spawn XP
 C = Spawn XP percentage of total XP
 D = Spawn monster count
 E = Non-spawn monster count
 F = Spawn count percentage of total count
 G = Total turns spent on level
                    A         B        C        D         E        F      G
               +---------+---------+-------+---------+---------+-------+---------
         Total |       0 |  108548 |   0.0 |       0 |     632 |   0.0 | 28590
               +---------+---------+-------+---------+---------+-------+---------
           D:1 |       0 |      47 |   0.0 |       0 |      24 |   0.0 |  1232
           D:2 |       0 |      59 |   0.0 |       0 |      24 |   0.0 |   886
           D:3 |       0 |     394 |   0.0 |       0 |      20 |   0.0 |  1226
           D:4 |       0 |    1454 |   0.0 |       0 |      30 |   0.0 |  1663
           D:5 |       0 |    1498 |   0.0 |       0 |      32 |   0.0 |  1429
           D:6 |       0 |     239 |   0.0 |       0 |       9 |   0.0 |   623
           D:7 |       0 |    1502 |   0.0 |       0 |      43 |   0.0 |   873
           D:8 |       0 |    4359 |   0.0 |       0 |      29 |   0.0 |  1546
           D:9 |       0 |     361 |   0.0 |       0 |       7 |   0.0 |  1079
          D:10 |       0 |    5699 |   0.0 |       0 |      48 |   0.0 |  1950
          D:11 |       0 |    5283 |   0.0 |       0 |      47 |   0.0 |   914
          D:12 |       0 |    5768 |   0.0 |       0 |      36 |   0.0 |  1014
          D:13 |       0 |    3915 |   0.0 |       0 |      21 |   0.0 |  1230
          D:14 |       0 |   18043 |   0.0 |       0 |      66 |   0.0 |  2349
          D:15 |       0 |   19177 |   0.0 |       0 |      49 |   0.0 |  1884
        Lair:1 |       0 |    3249 |   0.0 |       0 |      15 |   0.0 |  1095
        Lair:2 |       0 |    3437 |   0.0 |       0 |      13 |   0.0 |  1361
        Lair:3 |       0 |    5220 |   0.0 |       0 |      29 |   0.0 |  1697
        Lair:4 |       0 |    7280 |   0.0 |       0 |      18 |   0.0 |   797
        Lair:5 |       0 |    7929 |   0.0 |       0 |      24 |   0.0 |  2457
        Lair:6 |       0 |   11962 |   0.0 |       0 |      30 |   0.0 |  1123
         Orc:1 |       0 |     176 |   0.0 |       0 |       1 |   0.0 |    53
         Orc:2 |       0 |    1497 |   0.0 |       0 |      17 |   0.0 |   107
               +---------+---------+-------+---------+---------+-------+---------
